 Dungeon Crawl Stone Soup version 0.24.0-123-gd5b16e6ec5 (webtiles) character file.

Game seed: 9368728796925841597, levelgen mode: deterministic

4552 purzel the Sneak (level 9, -1/68 HPs)
             Began as a Demigod Enchanter on Jan 27, 2020.
             Slain by a starspawn tentacle (3 damage)
             ... attached to a tentacled starspawn
             ... on level 2 of the Abyss on Jan 28, 2020.
             The game lasted 00:53:32 (10894 turns).

purzel the Sneak (Demigod Enchanter)               Turns: 10894, Time: 00:53:33

Health: -1/68      AC:  6    Str: 11    XL:     9   Next: 97%
Magic:  21/21      EV: 10    Int: 25    God:
Gold:   158        SH:  0    Dex: 16    Spells: 7/19 levels left

rFire    . . .     SeeInvis .   a - +1 dagger
rCold    . . .     Gourm    +   (no shield)
rNeg     . . .     Faith    .   x - +0 leather armour
rPois    .         Spirit   .   (no helmet)
rElec    .         Reflect  .   i - +1 cloak
rCorr    +         Harm     .   p - +0 pair of gloves
MR       .....                  (no boots)
Stlth    +++++++...             E - amulet of the gourmand
HPRegen  0.21/turn              J - ring of Shadows {Umbra +Inv Stlth+}
MPRegen  0.17/turn              O - ring of resist corrosion

@: wreathed by umbra, constricted
A: high mp 1
a: Evoke Invisibility


You were on level 2 of the Abyss.
You were very full.

You visited 2 branches of the dungeon, and saw 10 of its levels.
You visited the Abyss 1 time.
You also visited: Sewer.

You collected 558 gold pieces.
You spent 400 gold pieces at shops.

Inventory:

Hand Weapons
 a - a +1 dagger (weapon)
 b - a +0 rapier
 c - a +0 shortbow
 F - a +0 great sword
 P - a +0 long sword
Missiles
 e - 51 arrows
 u - 53 bolts
 y - 39 poisoned darts (quivered)
 L - 3 atropa-tipped darts
Armour
 i - a +1 cloak (worn)
 p - a +0 pair of gloves (worn)
 x - a +0 leather armour (worn)
 T - a +0 robe of positive energy
Jewellery
 A - an uncursed ring of fire
 E - an amulet of the gourmand (around neck)
 J - the ring of Shadows (left hand) {Umbra +Inv Stlth+}
   (You bought it in a shop on level 9 of the Dungeon)

   [ring of stealth]

   It lets you turn invisible.
   It makes you more stealthy.
 O - a ring of resist corrosion (right hand)
 S - a +1 ring of protection {unknown}
Wands
 h - a wand of enslavement (2)
 o - a wand of polymorph (7)
 D - a wand of disintegration (1)
 M - a wand of scattershot (6)
 N - a wand of random effects (12)
 V - a wand of acid (9)
 X - a wand of flame (13)
Scrolls
 g - 7 scrolls of identify
 j - a scroll of amnesia {unknown}
 s - 4 scrolls of remove curse
 t - a scroll of torment {unknown}
 G - 2 scrolls of random uselessness {unknown}
 H - 3 scrolls of enchant weapon {unknown}
 I - a scroll of enchant armour
 R - a scroll of blinking {unknown}
Potions
 f - a potion of agility {unknown}
 k - 2 potions of curing
 l - a potion of invisibility
 m - 2 potions of might
 n - 4 potions of brilliance
 q - 3 potions of flight
 r - a potion of haste
 v - a potion of magic {unknown}
 z - 2 potions of mutation
 C - a potion of heal wounds {unknown}
 K - 4 potions of degeneration {unknown}
 U - 2 potions of berserk rage {unknown}
 W - a potion of lignification {unknown}
Miscellaneous
 w - a crystal ball of energy
Comestibles
 d - 20 rations


   Skills:
 + Level 2.6 Fighting
 + Level 3.3 Short Blades
 + Level 2.7 Bows
 + Level 1.8 Throwing
 + Level 2.5 Armour
 + Level 3.0 Dodging
 + Level 7.7 Stealth
 + Level 0.1 Unarmed Combat
 + Level 5.6 Spellcasting
 + Level 0.6 Conjurations
 + Level 6.2 Hexes
 + Level 4.1 Ice Magic
 * Level 2.0 Evocations


You had 7 spell levels left.
You knew the following spells:

 Your Spells              Type           Power        Failure   Level  Hunger
a - Corona                Hex            #####..      1%          1    None
b - Ensorcelled Hibernat  Hex/Ice        ####..       1%          2    None
c - Tukima's Dance        Hex            #####...     2%          3    #......
d - Confuse               Hex            #####...     2%          3    #......
e - Dazzling Spray        Conj/Hex       ###...       8%          3    #......

Your spell library contained the following spells:

 Spells                   Type           Power        Failure   Level  Hunger


Dungeon Overview and Level Annotations

Branches:
Dungeon (9/15)             Temple (1/1) D:5           Sewer (visited)
   Lair: D:8-11         Orc: D:9-12

Shops:
D:9 =*

Annotations:
D:9 Erolcha


Innate Abilities, Weirdness & Mutations

You have an increased reservoir of magic. (+10% MP)


Message History

The thrashing horror tramples you.
* * * LOW HITPOINT WARNING * * *
You hold your ground!
The thrashing horror tramples you.
* * * LOW HITPOINT WARNING * * *
You hold your ground!
The thrashing horror tramples you but does no damage. x2
Something loses its grip on you. The iron imp hits you.
* * * LOW HITPOINT WARNING * * *
The starspawn tentacle misses you. The starspawn tentacle misses you.
A starspawn tentacle segment comes into view.
The starspawn tentacle closely misses you.
The starspawn tentacle grabs you.
* * * LOW HITPOINT WARNING * * *
The starspawn tentacle constricts you.
You escape the starspawn tentacle's grasp.
A tentacle flies out from the starspawn's body!
A starspawn tentacle and a starspawn tentacle segment come into view.
The starspawn tentacle grabs you.
You die...

## . . # .. .# .
... .#. .... ..# #
...#.##.# .# #.#
........###..#...
# #..#@X.#.....#.
..5####w─w4§......
.... #...X§##...#
.# #..##§5§##.#
#.#.#..###5x...#
#........X..#.##
.. .#..#.....#..§#
... ..#...##....#
.# ### ..#
...#.....


You could see a tentacled starspawn, an orange demon (wandering), 2 thrashing
horrors, a small abomination, 2 starspawn tentacles and 2 iron imps.

Vanquished Creatures
  Maurice (D:9)
  A troll (D:9)
  A hippogriff (D:7)
  A ynoxinul (Abyss:2)
  A hungry ghost (D:7)
  2 orc warriors
  2 phantoms
  A hornet zombie (D:7)
  2 sky beasts
  2 centaurs
  A big kobold (D:9)
  5 bullfrogs
  3 scorpions
  5 killer bees
  5 howler monkeys
  8 crimson imps
  2 centaur zombies
  A bullfrog skeleton (D:5)
  2 hounds
  2 iguanas (D:4)
  Natasha (thrice) (D:3)
  2 orc wizards
  12 worker ants
  Terence (D:3)
  A hound skeleton (D:6)
  14 adders
  An adder skeleton (D:4)
  3 worms
  12 leopard geckos
  13 orcs
  3 ball pythons
  A bat zombie (D:4)
  8 giant cockroaches
  6 goblins
  9 hobgoblins
  9 jackals (D:1)
  2 quokkas
  A ball python skeleton (D:2)
  8 bats
  12 frilled lizards
  17 kobolds
  3 leopard gecko skeletons
  14 rats
203 creatures vanquished.

Vanquished Creatures (collateral kills)
  Harold (D:8)
  An orc wizard (D:9)
  5 orcs
  A kobold (D:9)
8 creatures vanquished.

Vanquished Creatures (others)
  3 dancing weapons
  A small abomination (Abyss:2)
  An orc (D:9)
  A lurking horror (Abyss:2)
  7 starspawn tentacles (Abyss:2)
13 creatures vanquished.

Grand Total: 224 creatures vanquished

Notes
Turn   | Place    | Note
-------+----------+-------------------------------------------
     0 | D:1      | purzel the Demigod Enchanter began the quest for the Orb.
     0 | D:1      | Reached XP level 1. HP: 14/14 MP: 5/5
   461 | D:1      | Reached XP level 2. HP: 17/20 MP: 7/7
   465 | D:1      | Learned a level 2 spell: Ensorcelled Hibernation
   684 | D:1      | Reached skill level 1 in Short Blades
   891 | D:1      | Reached skill level 3 in Stealth
  1351 | D:1      | Reached XP level 3. HP: 27/27 MP: 8/8
  1944 | D:2      | Learned a level 3 spell: Tukima's Dance
  2113 | D:2      | Reached skill level 1 in Fighting
  2122 | D:2      | Reached XP level 4. HP: 35/35 MP: 8/10
  2486 | D:3      | Reached skill level 4 in Stealth
  2535 | D:3      | Noticed Terence
  2548 | D:3      | Killed Terence
  2625 | D:3      | Noticed Natasha
  2719 | D:3      | Killed Natasha
  2719 | D:3      | Reached skill level 1 in Ice Magic
  2719 | D:3      | Reached XP level 5. HP: 40/40 MP: 2/11
  2792 | D:3      | Noticed Natasha
  2885 | D:3      | Killed Natasha
  3528 | D:3      | Noticed Natasha
  3541 | D:3      | Killed Natasha
  3959 | D:4      | Found a hide-covered altar of Uskayaw.
  3959 | D:4      | Found a shimmering altar of Xom.
  4070 | D:4      | Reached XP level 6. HP: 44/47 MP: 5/13
  4212 | D:4      | Reached skill level 5 in Stealth
  4235 | D:4      | Found a glowing drain.
  4276 | Sewer    | Entered a sewer
  4973 | D:4      | Learned a level 3 spell: Confuse
  4978 | D:4      | Found an ancient bone altar of Kikubaaqudgha.
  5126 | D:5      | Entered Level 5 of the Dungeon
  5297 | D:5      | Reached XP level 7. HP: 52/52 MP: 9/15
  5549 | D:5      | Reached skill level 1 in Armour
  5609 | D:5      | Found a staircase to the Ecumenical Temple.
  5692 | Temple   | Entered the Ecumenical Temple
  6438 | D:6      | Reached XP level 8. HP: 39/61 MP: 15/17
  6443 | D:6      | Learned a level 3 spell: Dazzling Spray
  6448 | D:6      | Reached skill level 6 in Stealth
  6615 | D:6      | Found a white marble altar of Elyvilon.
  7061 | D:6      | Found a radiant altar of Vehumet.
  7609 | D:7      | Reached skill level 1 in Bows
  7690 | D:7      | Reached skill level 5 in Hexes
  7978 | D:7      | Found a burning altar of Makhleb.
  7978 | D:7      | Found a sacrificial altar of Ru.
  8166 | D:7      | Noticed a hippogriff
  8192 | D:7      | Killed a hippogriff
  8192 | D:7      | Reached skill level 1 in Throwing
  8685 | D:8      | Reached XP level 9. HP: 68/68 MP: 10/19
  8924 | D:8      | Found a glowing silver altar of Zin.
  9016 | D:8      | Noticed Harold
  9053 | D:8      | Killed Harold
  9053 | D:8      | Reached skill level 7 in Stealth
  9053 | D:8      | Reached skill level 5 in Spellcasting
  9501 | D:9      | Noticed Erolcha
  9590 | D:9      | Found Duot's Jewellery Emporium.
  9593 | D:9      | Bought the ring of Shadows {Umbra +Inv Stlth+} for 400 gold
                  | pieces
  9593 | D:9      | Found the ring of Shadows {Umbra +Inv Stlth+}
  9661 | D:9      | Reached skill level 1 in Evocations
 10471 | D:9      | Found Huveu's General Store.
 10472 | D:9      | Noticed Maurice
 10479 | D:9      | Killed Maurice
 10618 | D:9      | Cast into level 2 of the Abyss (Erolcha)
 10679 | Abyss:2  | Noticed a lich
 10751 | Abyss:2  | Noticed a large abomination
 10866 | Abyss:2  | Noticed a tentacled starspawn
 10875 | Abyss:2  | Noticed a thrashing horror
 10878 | Abyss:2  | Noticed a thrashing horror
 10884 | Abyss:2  | Identified the ring of the Shining Light {rF+ Int+3 Dex-3}
 10889 | Abyss:2  | HP: 2/68 [iron imp (5)]
 10893 | Abyss:2  | Noticed an orange demon
 10894 | Abyss:2  | Slain by a starspawn tentacle

Levels and vault maps discovered:
D:1:      co_arrival_random_square_maze, layout_loops_corners, serial_forest,
          infiniplex_forest_clump_medium, infiniplex_forest_clump_curved,
          infiniplex_forest_diagonal, infiniplex_forest_straight_1,
          infiniplex_forest_clump_small, infiniplex_forest_lined_room_,
          infiniplex_forest_diagonal, infiniplex_forest_lined_2
D:2:      layout_loops_ring
D:3:      minmay_general_purpose_star, layout_loops_ring, first_ration,
          uniq_terence, uniq_natasha
D:4:      layout_rooms, lemuel_zombie_altar_kikubaaqudgha,
          gammafunk_temple_overflow_wave, portal_sewer_entry_b
D:5:      layout_rooms, temple_green
D:6:      layout_basic, lemuel_doored_altar, lemuel_coloured_pillars_altar
D:7:      layout_cave_pods, gammafunk_temple_overflow_elements
D:8:      layout_rooms, lemuel_crystal_altar, uniq_harold
D:9:      layout_irregular_city, orc_david_3, serial_shops, shop, shop,
          nicolae_shop_behind_doors, uniq_maurice, uniq_erolcha
Temple:   nicolae_temple_great_sept
Abyss:2:  base: D:11, hangedman_abyss_river_spirits, lemuel_firewalk_3,
          evilmike_abyss_exit_kraken, bh_abyss_xom_lugonu_altar

Skill      XL: |  1  2  3  4  5  6  7  8  9 |
---------------+----------------------------+-----
Spellcasting   | 2 3 4 5 |  5.6
Hexes          | 3 4 5 6 |  6.2
Short Blades   | 1 2 3 |  3.3
Stealth        | 3 4 5 6 7 |  7.7
Dodging        | 2 3 |  3.0
Fighting       | 1 2 |  2.6
Ice Magic      | 1 2 3 4 |  4.1
Armour         | 1 2 |  2.5
Bows           | 2 |  2.7
Throwing       | 1 |  1.8
Evocations     | 2 |  2.0
Unarmed Combat | |  0.1
Conjurations   | |  0.6

Action                   |  1- 3 |  4- 6 |  7- 9 || total
-------------------------+-------+-------+-------++-------
Melee: Dagger            |   106 |   184 |    88 ||   378
       Unarmed           |       |    14 |       ||    14
       Rapier            |       |     7 |    69 ||    76
 Fire: Shortbow          |       |       |    44 ||    44
Throw: Dart              |       |       |    58 ||    58
 Cast: Ensorcelled Hiber |    26 |    92 |    93 ||   211
       Tukima's Dance    |       |     3 |    13 ||    16
       Confuse           |       |       |    24 ||    24
       Dazzling Spray    |       |       |     5 ||     5
       Corona            |       |       |     1 ||     1
 Abil: Evoke Invisibilit |       |       |     1 ||     1
Evoke: Wand              |       |       |    21 ||    21
  Use: Scroll            |       |    10 |     5 ||    15
       Potion            |       |       |     2 ||     2
 Stab: Sleeping          |    26 |    64 |    54 ||   144
       Confused          |       |       |     7 ||     7
       Distracted        |       |       |     1 ||     1
       Invisible         |       |       |     1 ||     1
  Eat: Chunk             |     5 |    12 |    27 ||    44
       Ration            |       |     1 |     1 ||     2
Armor: Robe              |    23 |     4 |       ||    27
       Skin              |       |     6 |       ||     6
       Leather armour    |       |    38 |    57 ||    95
Dodge: Dodged            |    72 |   107 |   148 ||   327
